 Dungeon Crawl Stone Soup version 0.26.1-11-gd32895ea62 (webtiles) character file.

Game seed: 14921007976667450935

71 dtburroughs the Skirmisher (level 4, 0/41 HPs)
             Began as a Minotaur Berserker on July 19, 2021.
             Was a Believer of Trog.
             Slain by an iguana (15 damage)
             ... on level 2 of the Dungeon.
             The game lasted 00:02:38 (1737 turns).

dtburroughs the Skirmisher (Minotaur Berserker)     Turns: 1737, Time: 00:02:39

Health: 0/41       AC:  2    Str: 21    XL:     4   Next: 5%
Magic:  3/3        EV: 12    Int:  5    God:    Trog [**....]
Gold:   104        SH:  0    Dex: 10    Spells: 3/3 levels left

rFire    . . .     SeeInvis .   a - +0 hand axe
rCold    . . .     Faith    .   (no shield)
rNeg     . . .     Spirit   .   b - +0 animal skin
rPois    .         Reflect  .   (helmet restricted)
rElec    .         Harm     .   (no cloak)
rCorr    .         Rampage  .   (no gloves)
Will     .....                  (no boots)
Stlth    +.........             (no amulet)
HPRegen  0.13/turn              (no ring)
MPRegen  0.08/turn              (no ring)

@: no status effects
A: retaliatory headbutt, horns 2
a: Renounce Religion, Berserk, Trog's Hand


You were on level 2 of the Dungeon.
You worshipped Trog.
Trog was pleased with you.
You visited 1 branch of the dungeon, and saw 2 of its levels.

You collected 104 gold pieces.

Inventory:

Hand Weapons
 a - a +0 hand axe (weapon)
Armour
 b - a +0 animal skin (worn)
 k - a +0 pair of gloves
 m - a +0 pair of gloves
 q - a +0 ring mail
Scrolls
 c - a scroll of immolation {unknown}
 e - a scroll of remove curse {unknown}
 g - a scroll of blinking {unknown}
 j - a scroll of amnesia {unknown}
 l - 2 scrolls of identify {unknown}
 n - 2 scrolls of fear {unknown}
 o - a scroll of enchant weapon {unknown}
Potions
 d - a potion of resistance {unknown}
 f - a potion of ambrosia {unknown}
 h - a potion of degeneration {unknown}
 i - a potion of lignification {unknown}
 p - a potion of curing {unknown}
 r - a potion of flight {unknown}


   Skills:
 + Level 4.3 Fighting
 + Level 4.3 Axes
 + Level 3.3 Armour
 + Level 3.0 Dodging


You had 3 spell levels left.
You didn't know any spells.
Your spell library was empty.

Dungeon Overview and Level Annotations

Branches:
Dungeon (2/15)

Altars:


Innate Abilities, Weirdness & Mutations

You reflexively headbutt those who attack you in melee.
You have a pair of horns on your head.


Message History

A goblin is nearby!
The goblin shouts!
An iguana comes into view.
You hit the goblin.
You kill the goblin!
Trog accepts your kill. The iguana bites you!
Things that are here:
a +0 club; a goblin corpse The iguana closely misses you.
You closely miss the iguana.
The iguana hisses menacingly.
The iguana bites you.
You slash the iguana! You headbutt the iguana.
The iguana is almost dead.
The iguana bites you!
You hit the iguana but do no damage. Your headbutt misses the iguana.
The iguana is almost dead.
The iguana bites you!
You die...

........# #..... .#......#
..........## #..... .##.....#
..........# #..... ........#
.........# ###### ...######
#........##. #
...##########........... #
.#...................... ..
.#...†..........l....... ...
...............)@......## ...
.#+#...................... ..
.............###...###....######.
.............###...###.........#.
..................###............
.................................
##....#####................##....
################................†
[....##...[..#................###


You could see an iguana.

Vanquished Creatures
  2 adders (D:2)
  A worm (D:2)
  A dart slug (D:2)
  2 leopard geckos (D:1)
  5 giant cockroaches
  9 goblins
  4 hobgoblins
  7 kobolds
  5 bats
  4 frilled lizards (D:1)
  7 rats
47 creatures vanquished.

Notes
Turn   | Place    | Note
-------+----------+-------------------------------------------
     0 | D:1      | dtburroughs the Minotaur Berserker began the quest for the
                  | Orb.
     0 | D:1      | Reached XP level 1. HP: 19/19 MP: 0/0
   238 | D:1      | Reached XP level 2. HP: 27/27 MP: 1/1
   563 | D:1      | Reached ** piety under Trog
   669 | D:1      | Reached XP level 3. HP: 33/33 MP: 2/2
  1573 | D:2      | Reached XP level 4. HP: 34/41 MP: 3/3
  1737 | D:2      | Slain by an iguana

Illustrated notes

Levels and vault maps discovered:
D:1:      mrwooster_arrival_statue_3, layout_loops_ring, minivault_26
D:2:      minmay_wonky_spiral, layout_basic

Skill      XL: |  1  2  3 |
---------------+----------+-----
Fighting       | 4 |  4.3
Axes           | 4 |  4.3
Armour         | 3 |  3.3
Dodging        | 3 |  3.0

Action                   |  1- 3 |  4- 6 || total
-------------------------+-------+-------++-------
Melee: Hand axe          |    84 |     4 ||    88
       Headbutt          |    11 |     1 ||    12
Armor: Animal skin       |    23 |       ||    23
Dodge: Dodged            |    65 |     1 ||    66
